 Dungeon Sprint DCSS version 0.20-a0-1124-g2e29d97 (webtiles) character file.

334786 potatolord6000 the Axe Maniac (level 19, -5/207 HPs)
             Began as a Minotaur Gladiator on May 16, 2017.
             Was an Initiate of Gozag.
             Killed from afar by an orb of fire (54 damage)
             ... with a fireball
             ... in the Dungeon (Sprint IX: "|||||||||||||||||||||||||||||").
             The game lasted 00:28:26 (8760 turns).

potatolord6000 the Axe Maniac (Minotaur Gladiator)  Turns: 8760, Time: 00:28:27

Health: -5/207     AC: 49    Str: 32    XL:     19   Next: 61%
Magic:  31/31      EV: 30    Int: 10    God:    Gozag
Gold:   1601       SH:  0    Dex: 14    Spells: 54/54 levels left

rFire    . . .     SeeInvis .   a - +8 mithril axe "Arga" {speed, MR+}
rCold    + + .     Gourm    .   (no shield)
rNeg     . . .     Faith    +   n - +9 crystal plate armour of Foolhardiness {Int+5}
rPois    +         Spirit   .   b - +2 hat
rElec    .         Reflect  .   z - +2 cloak {rPois}
rCorr    .         Harm     .   x - +2 pair of gloves of Vuidy {rPois Int+2}
MR       ++++.     NoTele   +   D - +0 pair of boots "Dugef" {MR++ Str+3}
Stlth    +.........             v - amulet of Cosett {Faith rC+ Str+2 Dex+4}
Regen    0.5/turn               B - +4 ring of protection
MPRegen  0.3/turn               w - ring of Phasing {EV+8}

@: gold aura
A: retaliatory headbutt, horns 2, blurry vision 1, clumsy 1, cold resistance 1,
deformed body, dopey 1, low mp 2, poison resistance, wild magic 1
}: 5/15 runes: decaying, serpentine, barnacled, silver, gossamer
a: Potion Petition, Call Merchant, Bribe Branch, Renounce Religion


You were in the Dungeon.
You worshipped Gozag.
Gozag was most pleased with you.
You were very full.

You visited 1 branch You collected 39949 gold pieces.
You spent 9465 gold pieces at shops.
You paid 28883 gold pieces to Gozag.

Inventory:

Hand Weapons
 a - the +8 mithril axe "Arga" (weapon) {speed, MR+}
   (You bought it in a shop in the Dungeon)

   Attacks with this weapon are significantly faster.
   It affects your resistance to hostile enchantments.
Armour
 b - a +2 hat (worn)
 n - the +9 crystal plate armour of Foolhardiness (worn) {Int+5}
   (You bought it in a shop in the Dungeon)

   It affects your intelligence (+5).
 x - the +2 pair of gloves of Vuidy (worn) {rPois Int+2}
   (You bought it in a shop in the Dungeon)

   It affects your intelligence (+2).
   It protects you from poison.
 z - a +2 cloak of poison resistance (worn)
 D - the +0 pair of boots "Dugef" (worn) {MR++ Str+3}
   (You bought it in a shop in the Dungeon)

   It affects your strength (+3).
   It affects your resistance to hostile enchantments.
Jewellery
 v - the amulet of Cosett (around neck) {Faith rC+ Str+2 Dex+4}
   (You bought it in a shop in the Dungeon)

   [amulet of faith]

   It allows you to gain divine favour quickly.
   It affects your strength (+2).
   It affects your dexterity (+4).
   It protects you from cold.
 w - the ring of Phasing (right hand) {EV+8}
   (You bought it in a shop in the Dungeon)

   [ring of evasion]

   It affects your evasion (+8).
 B - a +4 ring of protection (left hand)
Scrolls
 h - 10 scrolls of enchant weapon
 k - 3 scrolls of blinking
 l - 5 scrolls of remove curse
 m - 2 scrolls of amnesia
 q - 2 scrolls of recharging
 r - 5 scrolls of fog
 s - 5 scrolls of fear
 y - 4 scrolls of identify
Potions
 c - a potion of heal wounds
 d - a potion of invisibility
 e - 12 potions of curing
 f - 3 potions of brilliance
 i - 4 potions of magic
 j - 4 potions of berserk rage
 o - a potion of agility
 C - 5 potions of haste
Comestibles
 g - 14 bread rations
 t - 40 fruits
 u - 6 meat rations


   Skills:
 O Level 27 Fighting
 O Level 27 Axes
 + Level 23.9 Throwing
 O Level 27 Armour
 O Level 27 Dodging
 + Level 22.2 Stealth
 + Level 25.5 Unarmed Combat
 + Level 18.0 Spellcasting


You had 54 spell levels left.
You didn't know any spells.

Dungeon Overview and Level Annotations

Branches:
Dungeon (1/1)

Altars:
Cheibriados
Dithmenos
Elyvilon
Fedhas
Gozag
Hepliaklqana
Kikubaaqudgha
Makhleb
Nemelex Xobeh
Okawaru
Qazlal
Ru
Sif Muna
Trog
Uskayaw
Vehumet
Wu Jian
Xom
Yredelemnul
Zin
The Shining One
Beogh
Jiyva
Lugonu

Shops:
D *[[[[([[[(}=?=([*[[=(


Innate Abilities, Weirdness & Mutations

You reflexively headbutt those who attack you in melee.
You have a pair of horns on your head.
Scrolls take you a little longer to read.
You are clumsy. (Dex -2)
Your flesh is cold resistant. (rC+)
Armour fits poorly on your strangely shaped body.
You are dopey. (Int -2)
Your magical capacity is very low. (-20% MP)
Your system is resistant to poisons. (rPois)
Your spells are a little harder to cast, but a little more powerful.


Message History

* * * LOW HITPOINT WARNING * * *
The rime drake is distracted by the nearby gold.
Things that are here:
90 gold pieces; a cloak Unknown command.
Your resistance to elements expires.
The rime drake is no longer distracted by gold.
The red draconian stormcaller mumbles some strange prayers to Qazlal.
Unknown command.
You closely miss the orb of fire. Your headbutt misses the orb of fire.
Unknown command.
You slice the orb of fire!!
The orb of fire is lightly damaged.
The electric golem is no longer distracted by gold.
The Orb Guardian is no longer distracted by gold.
The rime drake is distracted by the nearby gold.
The orb of fire glows red.
The fireball explodes!
The fireball engulfs you!
You die...
Your body crumbles into a pile of gold.

)))...[[[[[[[....................
▓▓▓▓▓▓▓▓▓▓▓▓▓▓▓▓▓▓▓▓▓▓▓▓▓▓▓▓▓▓▓▓▓
.................................
▓▓▓▓▓▓▓▓▓▓▓▓▓▓▓▓▓▓▓▓▓▓▓▓▓▓▓▓▓▓▓▓▓
..)).))...')).[....').))))...)...
▓▓▓▓▓▓▓▓▓▓▓▓▓▓▓▓▓▓▓▓▓▓▓▓▓▓▓▓▓▓▓▓▓
.................................
▓▓▓▓▓▓▓▓▓▓▓▓▓▓▓▓▓▓▓▓▓▓▓▓▓▓▓▓▓▓▓▓▓
∩.[..'.'.8.$$$$$@*k.XqpD
▓▓▓▓▓▓▓▓▓▓▓▓▓▓▓▓▓▓▓▓▓▓▓▓


You could see an orb of fire, a Killer Klown, an electric golem, a shadow dragon
(wandering), a red draconian stormcaller, an Orb Guardian and a rime drake
(unaware).

Vanquished Creatures
  3 orbs of fire (D)
  Mennas (D)
  3 ancient liches (D)
  Mara (D)
  Boris (D)
  Sojobo (D)
  Saint Roka (D)
  Xtahua (D)
  A golden dragon (D)
  2 bone dragons (D)
  3 electric golems (D)
  6 tentacled monstrosities (D)
  A lich (D)
  Rupert (D)
  15 Orb Guardians (D)
  2 quicksilver dragons (D)
  2 sphinxes (D)
  4 death cobs (D)
  Frances (D)
  Ilsuiw (D)
  4 tengu reavers (D)
  A storm dragon (D)
  3 draconian monks (D)
  7 shadow dragons (D)
  5 nagarajas (D)
  A vault warden (D)
  5 emperor scorpions (D)
  A draconian knight (D)
  2 draconian scorchers (D)
  3 frost giants (D)
  Louise (D)
  2 ghost moths (D)
  2 draconian stormcallers (D)
  4 very ugly things (D)
  2 draconian annihilators (D)
  2 ironheart preservers (D)
  A vampire knight (D)
  3 stone giants (D)
  4 black draconians (D)
  2 white draconians (D)
  2 purple draconians (D)
  2 green draconians (D)
  2 red draconians (D)
  A spark wasp (D)
  3 yellow draconians (D)
  3 merfolk javelineers (D)
  4 merfolk impalers (D)
  5 ettins (D)
  3 fire dragons (D)
  3 yaktaur captains (D)
  4 ogre magi (D)
  Erolcha (D)
  3 naga warriors (D)
  2 ice dragons (D)
  25 vault guards (D)
  Harold (D)
  6 hydras (D)
  An alligator snapping turtle (D)
  A two-headed ogre (D)
  3 merfolk aquamancers (D)
  3 centaur warriors (D)
  3 alligators (D)
  3 deep troll shamans (D)
  A shock serpent (D)
  A deep troll earth mage (D)
  2 orc high priests (D)
  A spriggan berserker (D)
  A deep elf knight (D)
  Nergalle (D)
  A shadow wraith (D)
  A fire crab (shapeshifter) (D)
  A salamander mystic (D)
  A sea snake (D)
  An unseen horror (shapeshifter) (D)
  A shambling mangrove (D)
  A flayed ghost (D)
  A naga ritualist (D)
  5 swamp dragons (D)
  5 deep trolls (D)
  3 unseen horrors (D)
  3 ironbrand convokers (D)
  3 orc knights (D)
  2 mana vipers (D)
  An orb spider (D)
  2 manticores (D)
  8 wolf spiders (D)
  2 ugly things (D)
  A deep elf mage (D)
  A faun (shapeshifter) (D)
  2 guardian serpents (D)
  5 moths of wrath (D)
  An elephant (D)
  Joseph (D)
  Maurice (D)
  6 vault sentinels (D)
  A black mamba (D)
  A spiny frog (D)
  3 naga magi (D)
  A torpor snail (D)
  A demonic crawler (D)
  A komodo dragon (D)
  A rime drake (D)
  4 yaktaurs (D)
  4 freezing wraiths (D)
  3 jumping spiders (D)
  10 trolls (D)
  A tengu conjurer (D)
  A hornet (D)
  3 merfolk (D)
  3 wind drakes (D)
  A raiju (shapeshifter) (D)
  5 polar bears (D)
  A bog body (D)
  2 hippogriffs (D)
  3 slime creatures (D)
  3 redbacks (D)
  A vampire mosquito (D)
  2 basilisks (D)
  A warg (D)
  3 acid dragons (D)
  3 water moccasins (D)
  A soldier ant (D)
  3 nagas (D)
  3 black bears (D)
  4 porcupines (D)
  2 swamp drakes (D)
  9 orc warriors (D)
  An ogre (D)
  A wolf (D)
  3 crocodiles (D)
  2 bullfrogs (D)
  A scorpion (D)
  4 orc priests (D)
  3 orc wizards (D)
  An ooze (D)
  2 adder skeletons (D)
  A dart slug (D)
  10 orcs (D)
  2 bat skeletons (D)
  A bat zombie (D)
  2 goblins (D)
  A quokka (D)
  2 frilled lizards (D)
  A kobold (D)
380 creatures vanquished.

Vanquished Creatures (others)
  A hydra (D)
  A merfolk aquamancer (D)
  A swamp drake (D)
3 creatures vanquished.

Grand Total: 383 creatures vanquished

Notes
Turn   | Place    | Note
-------+----------+-------------------------------------------
     0 | D        | potatolord6000 the Minotaur Gladiator began the quest for the Orb.
     0 | D        | Reached XP level 1. HP: 18/18 MP: 0/0
    12 | D        | Reached XP level 2. HP: 18/27 MP: 1/1
   126 | D        | Reached skill level 5 in Axes
   135 | D        | Found a roughly hewn altar of Beogh.
   135 | D        | Found a snail-covered altar of Cheibriados.
   135 | D        | Found a shadowy altar of Dithmenos.
   135 | D        | Found a white marble altar of Elyvilon.
   135 | D        | Found a blossoming altar of Fedhas.
   135 | D        | Found an opulent altar of Gozag.
   136 | D        | Found a hazy altar of Hepliaklqana.
   137 | D        | Found a viscous altar of Jiyva.
   138 | D        | Found an ancient bone altar of Kikubaaqudgha.
   139 | D        | Found a corrupted altar of Lugonu.
   140 | D        | Found a burning altar of Makhleb.
   141 | D        | Found a sparkling altar of Nemelex Xobeh.
   142 | D        | Found an iron altar of Okawaru.
   143 | D        | Became a worshipper of Gozag Ym Sagoz the Greedy
   144 | D        | Found a stormy altar of Qazlal.
   145 | D        | Found a sacrificial altar of Ru.
   146 | D        | Found a deep blue altar of Sif Muna.
   147 | D        | Found a bloodstained altar of Trog.
   148 | D        | Found a hide-covered altar of Uskayaw.
   149 | D        | Found a radiant altar of Vehumet.
   150 | D        | Found an ornate altar of the Wu Jian Council.
   151 | D        | Found a shimmering altar of Xom.
   152 | D        | Found a basalt altar of Yredelemnul.
   153 | D        | Found a glowing silver altar of Zin.
   154 | D        | Found a glowing golden altar of the Shining One.
   208 | D        | Noticed a water moccasin
   208 | D        | Noticed a scorpion
   208 | D        | Noticed an ogre
   208 | D        | Noticed a troll
   208 | D        | Noticed a crocodile
   213 | D        | Killed a water moccasin
   213 | D        | Reached XP level 3. HP: 37/39 MP: 2/2
   213 | D        | Reached XP level 4. HP: 45/47 MP: 3/3
   216 | D        | Reached XP level 5. HP: 48/53 MP: 4/4
   222 | D        | Killed an ogre
   225 | D        | Killed a troll
   225 | D        | Reached skill level 10 in Fighting
   225 | D        | Reached skill level 10 in Axes
   225 | D        | Reached XP level 6. HP: 37/67 MP: 5/5
   230 | D        | Reached skill level 10 in Dodging
   230 | D        | Reached XP level 7. HP: 34/73 MP: 6/6
   250 | D        | Noticed a hornet
   250 | D        | Noticed a centaur warrior
   250 | D        | Noticed a two-headed ogre
   261 | D        | Killed a hornet
   267 | D        | Killed a centaur warrior
   267 | D        | Reached XP level 8. HP: 38/85 MP: 7/7
   280 | D        | Killed an unseen horror
   294 | D        | Killed a two-headed ogre
   294 | D        | Reached XP level 9. HP: 27/96 MP: 8/8
   684 | D        | Noticed a komodo dragon
   684 | D        | Noticed an eight-headed hydra
   688 | D        | Killed a komodo dragon
   693 | D        | Killed an 11-headed hydra
   693 | D        | Reached skill level 15 in Fighting
   693 | D        | Reached skill level 15 in Axes
   701 | D        | Reached XP level 10. HP: 80/106 MP: 9/9
   702 | D        | Noticed an elephant
   719 | D        | Killed an elephant
   750 | D        | Reached skill level 15 in Dodging
   865 | D        | Noticed Harold
   873 | D        | Killed Harold
   888 | D        | Noticed Joseph
   899 | D        | Killed Joseph
   899 | D        | Reached XP level 11. HP: 50/117 MP: 10/10
  1068 | D        | Bought a +2 plate armour of fire resistance for 560 gold pieces
  1068 | D        | Bought a +1 pair of gloves of strength for 231 gold pieces
  1068 | D        | Bought a +2 cloak of poison resistance for 259 gold pieces
  1294 | D        | Bought a pair of faintly glowing boots for 190 gold pieces
  1294 | D        | Identified the +0 pair of boots of the Dropbear {MR+} (You bought it in a shop in the Dungeon)
  1310 | D        | Noticed an orc high priest
  1310 | D        | Noticed an orc knight
  1310 | D        | Noticed an orc high priest
  1322 | D        | Killed an orc high priest
  1331 | D        | Killed an orc knight
  1337 | D        | Killed an orc high priest
  1355 | D        | Reached skill level 1 in Armour
  1420 | D        | Bought the +8 mithril axe "Arga" {speed, MR+} for 839 gold pieces
  1478 | D        | Found Bonouxze's Gadget Emporium.
  1478 | D        | Noticed an ogre mage
  1478 | D        | Noticed a deep troll
  1478 | D        | Noticed a deep troll
  1478 | D        | Noticed a deep troll
  1478 | D        | Noticed a deep troll
  1479 | D        | Noticed an ettin
  1483 | D        | Killed an ogre mage
  1487 | D        | Killed a deep troll
  1488 | D        | Found Onuilec's Magic Scroll Shoppe.
  1490 | D        | Killed a deep troll
  1497 | D        | Killed a deep troll
  1497 | D        | Reached skill level 5 in Armour
  1498 | D        | Found Imotai's Antique Weapon Emporium.
  1501 | D        | Killed a deep troll
  1510 | D        | Killed an ettin
  1516 | D        | Found Xenadif's Assorted Antiques.
  1546 | D        | Reached XP level 12. HP: 24/130 MP: 11/11
  1603 | D        | Bought a scroll of enchant weapon for 157 gold pieces
  1607 | D        | Bought a scroll of acquirement for 728 gold pieces
  1607 | D        | Bought a scroll of enchant armour for 105 gold pieces
  1607 | D        | Bought a scroll of enchant weapon for 105 gold pieces
  1971 | D        | Noticed Erolcha
  1976 | D        | Killed Erolcha
  2080 | D        | Gained mutation: Your muscles are strong. (Str +2) [potion of mutation]
  2080 | D        | Gained mutation: Your flesh is cold resistant. (rC+) [potion of mutation]
  2080 | D        | Lost mutation: Your muscles are strong. (Str +2) [potion of mutation]
  2080 | D        | Gained mutation: Your system is resistant to poisons. (rPois) [potion of mutation]
  2100 | D        | Noticed a centaur warrior
  2100 | D        | Noticed a centaur warrior
  2109 | D        | Killed a centaur warrior
  2113 | D        | Noticed a fire dragon
  2116 | D        | Noticed a deep troll shaman
  2117 | D        | Noticed an ettin
  2119 | D        | Killed a centaur warrior
  2122 | D        | Noticed an ettin
  2123 | D        | Noticed a sphinx
  2124 | D        | Noticed a stone giant
  2137 | D        | Killed a fire dragon
  2142 | D        | Killed a deep troll shaman
  2142 | D        | Reached skill level 10 in Armour
  2144 | D        | Killed an ettin
  2151 | D        | Killed an ettin
  2155 | D        | Killed a sphinx
  2162 | D        | Killed a stone giant
  2201 | D        | Bought the amulet of Cosett {Faith rC+ Str+2 Dex+4} for 865 gold pieces
  2607 | D        | Noticed an alligator snapping turtle
  2625 | D        | Killed an alligator snapping turtle
  2658 | D        | Reached XP level 13. HP: 74/143 MP: 12/12
  2905 | D        | Noticed a nagaraja
  2920 | D        | Killed a nagaraja
  3054 | D        | Bought the ring of Phasing {EV+8} for 1664 gold pieces
  3183 | D        | Noticed a spark wasp
  3208 | D        | Killed a spark wasp
  3411 | D        | Reached skill level 15 in Armour
  3464 | D        | Noticed Maurice
  3471 | D        | Killed Maurice
  3481 | D        | Noticed Frances
  3493 | D        | Killed Frances
  3496 | D        | Noticed Rupert
  3507 | D        | Killed Rupert
  3519 | D        | Noticed Saint Roka
  3545 | D        | Killed Saint Roka
  3545 | D        | Reached XP level 14. HP: 40/157 MP: 13/13
  3886 | D        | Noticed Nergalle
  3893 | D        | Killed Nergalle
  3926 | D        | Noticed a lich
  3926 | D        | Noticed a white very ugly thing
  3926 | D        | Noticed a sphinx
  3931 | D        | Killed a lich
  3939 | D        | Noticed a frost giant
  3947 | D        | Killed a white very ugly thing
  3953 | D        | Killed a sphinx
  3955 | D        | Noticed a frost giant
  3959 | D        | Noticed a stone giant
  3967 | D        | Killed a frost giant
  3971 | D        | Noticed a purple very ugly thing
  3978 | D        | Noticed a tengu reaver
  3986 | D        | Killed a frost giant
  3997 | D        | Killed a stone giant
  4251 | D        | Killed a tengu reaver
  4258 | D        | Killed a purple very ugly thing
  4846 | D        | Bought a scorched crystal plate armour for 3060 gold pieces
  4859 | D        | Identified the +9 crystal plate armour of Foolhardiness {Int+5} (You bought it in a shop in the Dungeon)
  4979 | D        | Noticed an ironheart preserver
  4996 | D        | Killed an ironheart preserver
  5029 | D        | Noticed a vault warden
  5045 | D        | Killed a vault warden
  5060 | D        | Reached XP level 15. HP: 152/169 MP: 14/14
  5115 | D        | Bought a pair of slimy gloves for 285 gold pieces
  5125 | D        | Identified the +2 pair of gloves of Vuidy {rPois Int+2} (You bought it in a shop in the Dungeon)
  5385 | D        | Noticed Mara
  5390 | D        | Noticed potatolord6000's illusion
  5450 | D        | Noticed potatolord6000's illusion
  5510 | D        | Noticed potatolord6000's illusion
  5512 | D        | Killed Mara
  5735 | D        | Noticed a nagaraja
  5735 | D        | Noticed a nagaraja
  5736 | D        | Noticed a nagaraja
  5741 | D        | Killed a nagaraja
  5742 | D        | Noticed a nagaraja
  5745 | D        | Killed a nagaraja
  5770 | D        | Killed a nagaraja
  5775 | D        | Killed a nagaraja
  5816 | D        | Got a serpentine rune of Zot
  6028 | D        | Got a decaying rune of Zot
  6103 | D        | Noticed Ilsuiw
  6132 | D        | Killed Ilsuiw
  6181 | D        | Reached skill level 27 in Axes
  6193 | D        | Got a barnacled rune of Zot
  6234 | D        | Reached skill level 27 in Fighting
  6254 | D        | Killed a ghost moth
  6268 | D        | Reached XP level 16. HP: 154/183 MP: 1/15
  6314 | D        | Got a gossamer rune of Zot
  6470 | D        | Noticed Boris
  6480 | D        | Killed Boris
  6590 | D        | Reached skill level 27 in Dodging
  6671 | D        | Reached skill level 27 in Armour
  6713 | D        | Reached skill level 1 in Stealth
  6713 | D        | Reached skill level 1 in Unarmed Combat
  6713 | D        | Reached skill level 1 in Spellcasting
  6749 | D        | Reached skill level 5 in Throwing
  6776 | D        | Noticed a tengu reaver
  6776 | D        | Noticed a tentacled monstrosity
  6782 | D        | Reached skill level 5 in Unarmed Combat
  6793 | D        | Reached skill level 5 in Stealth
  6802 | D        | Killed a tentacled monstrosity
  6812 | D        | Killed a tengu reaver
  6817 | D        | Reached skill level 5 in Spellcasting
  6818 | D        | Noticed a shadow dragon
  6832 | D        | Noticed a shadow dragon
  6844 | D        | Killed a shadow dragon
  6859 | D        | Killed a shadow dragon
  6950 | D        | Noticed a shadow dragon
  6950 | D        | Noticed a quicksilver dragon
  6950 | D        | Noticed an ancient lich
  6950 | D        | Noticed a shadow dragon
  6950 | D        | Noticed a shadow dragon
  6956 | D        | Noticed a shadow dragon
  6961 | D        | Noticed an ancient lich
  6966 | D        | Killed a shadow dragon
  6966 | D        | Reached skill level 10 in Unarmed Combat
  6971 | D        | Killed an ancient lich
  6971 | D        | Reached skill level 10 in Throwing
  6971 | D        | Reached XP level 17. HP: 191/191 MP: 24/27
  6992 | D        | Reached skill level 10 in Stealth
  7006 | D        | Killed an ancient lich
  7018 | D        | Killed a quicksilver dragon
  7023 | D        | Got a silver rune of Zot
  7110 | D        | Noticed Mennas
  7144 | D        | Killed Mennas
  7163 | D        | Noticed Sojobo
  7192 | D        | Killed Sojobo
  7192 | D        | Reached skill level 10 in Spellcasting
  7200 | D        | Reached skill level 15 in Unarmed Combat
  7226 | D        | Noticed Xtahua
  7237 | D        | Killed Xtahua
  7243 | D        | Noticed Louise
  7256 | D        | Killed Louise
  7292 | D        | Got the ring of Suspicion {rElec rF+ rC+ Str+3}
  7294 | D        | Got the ring of Meyfremo {rPois MR+ Slay+3}
  7296 | D        | Got the ring of the Insatiable Beggars {Ice Str+2}
  7298 | D        | Got the ring "Olain" {rC+ rN+ Str+3 Int+3 Dex+3}
  7300 | D        | Got the ring "Focef" {Ice Str+2 Dex+4}
  7496 | D        | Reached skill level 15 in Throwing
  7538 | D        | Noticed a bone dragon
  7539 | D        | Noticed a bone dragon
  7562 | D        | Killed a bone dragon
  7578 | D        | Killed a bone dragon
  7597 | D        | Reached skill level 15 in Stealth
  7684 | D        | Reached XP level 18. HP: 184/200 MP: 33/33
  7717 | D        | Noticed a tentacled monstrosity
  7717 | D        | Noticed an electric golem
  7738 | D        | Killed a tentacled monstrosity
  7749 | D        | Killed an electric golem
  8034 | D        | Noticed a tentacled monstrosity
  8063 | D        | Killed a tentacled monstrosity
  8196 | D        | Noticed a golden dragon
  8196 | D        | Noticed a tentacled monstrosity
  8205 | D        | Killed a golden dragon
  8213 | D        | Noticed a tentacled monstrosity
  8217 | D        | Killed a tentacled monstrosity
  8230 | D        | Killed a tentacled monstrosity
  8494 | D        | Noticed an Orb Guardian
  8494 | D        | Noticed an Orb Guardian
  8494 | D        | Noticed an Orb Guardian
  8494 | D        | Noticed an Orb Guardian
  8494 | D        | Noticed an Orb Guardian
  8494 | D        | Noticed an Orb Guardian
  8498 | D        | Killed an Orb Guardian
  8499 | D        | Noticed an Orb Guardian
  8508 | D        | Killed an Orb Guardian
  8508 | D        | Reached skill level 15 in Spellcasting
  8509 | D        | Noticed an Orb Guardian
  8512 | D        | Killed an Orb Guardian
  8521 | D        | Killed an Orb Guardian
  8522 | D        | Noticed an Orb Guardian
  8523 | D        | Noticed an Orb Guardian
  8528 | D        | Killed an Orb Guardian
  8536 | D        | Killed an Orb Guardian
  8541 | D        | Killed an Orb Guardian
  8545 | D        | Killed an Orb Guardian
  8554 | D        | Killed an Orb Guardian
  8560 | D        | Killed an Orb Guardian
  8586 | D        | Noticed an Orb Guardian
  8586 | D        | Noticed an Orb Guardian
  8591 | D        | Noticed an Orb Guardian
  8595 | D        | Noticed an Orb Guardian
  8596 | D        | Killed an Orb Guardian
  8596 | D        | Reached XP level 19. HP: 169/207 MP: 36/38
  8646 | D        | Bought the cursed +0 pair of boots "Dugef" {MR++ Str+3} for 417 gold pieces
  8662 | D        | Noticed an ancient lich
  8666 | D        | Killed an ancient lich
  8670 | D        | Noticed an orb of fire
  8676 | D        | Gained mutation: You are dopey. (Int -2) [an orb of fire]
  8678 | D        | Gained mutation: Armour fits poorly on your strangely shaped body. [an orb of fire]
  8680 | D        | Gained mutation: Your magical capacity is low. (-10% MP) [an orb of fire]
  8690 | D        | Killed an orb of fire
  8694 | D        | Noticed an electric golem
  8704 | D        | Killed an electric golem
  8708 | D        | Noticed an electric golem
  8708 | D        | Noticed an electric golem
  8715 | D        | Noticed an orb of fire
  8720 | D        | Noticed an orb of fire
  8729 | D        | Noticed a Killer Klown
  8730 | D        | Killed an electric golem
  8735 | D        | Gained mutation: Your magical capacity is very low. (-20% MP) [an orb of fire]
  8738 | D        | Gained mutation: You are clumsy. (Dex -2) [an orb of fire]
  8739 | D        | Gained mutation: Scrolls take you a little longer to read. [an orb of fire]
  8741 | D        | Killed an orb of fire
  8742 | D        | Noticed an orb of fire
  8747 | D        | Gained mutation: Your spells are a little harder to cast, but a little more powerful. [an orb of fire]
  8751 | D        | Killed an orb of fire
  8760 | D        | Killed from afar by an orb of fire

Vault maps used:
D:        linesprint

Skill      XL: |  1  2  3  4  5  6  7  8  9 10 11 12 13 14 15 16 17 18 19 |
---------------+----------------------------------------------------------+-----
Fighting       | 3 7 10 12 14 15 17 19 21 23 25 27 | 27.0
Axes           | 4 7 8 10 11 13 14 15 17 19 21 23 25 27 | 27.0
Dodging        | 4 7 9 10 12 13 14 16 18 19 21 23 25 27 | 27.0
Armour         | 7 12 16 19 23 27 | 27.0
Stealth        | 9 15 20 22 | 22.2
Unarmed Combat | 11 18 22 25 | 25.5
Spellcasting   | 7 12 16 18 | 18.0
Throwing       | 10 17 21 23 | 23.9

Action                   |  1- 3 |  4- 6 |  7- 9 | 10-12 | 13-15 | 16-18 | 19-21 || total
-------------------------+-------+-------+-------+-------+-------+-------+-------++-------
Melee: War axe           |    21 |    15 |    56 |   157 |       |       |       ||   249
       Headbutt          |     5 |     6 |    12 |    78 |   206 |   250 |    31 ||   588
       Broad axe         |       |       |       |   151 |   644 |   771 |   102 ||  1668
       Punch             |       |       |       |       |       |    72 |    10 ||    82
Invok: Call Merchant     |       |       |     1 |     6 |     4 |     5 |     1 ||    17
  Use: Potion            |     1 |       |     5 |     6 |     3 |       |     5 ||    20
       Scroll            |       |       |       |     2 |     1 |     1 |     1 ||     5
 Stab: Distracted        |       |       |       |     5 |     8 |    12 |     1 ||    26
  Eat: Bread ration      |       |       |     1 |       |       |       |       ||     1
       Meat ration       |       |       |       |     2 |     2 |     2 |       ||     6
Armor: Leather armour    |     5 |       |       |       |       |       |       ||     5
       Chain mail        |     4 |     2 |    16 |    26 |       |       |       ||    48
       Plate armour      |       |       |       |    66 |    34 |       |       ||   100
       Crystal plate arm |       |       |       |       |   116 |   190 |    26 ||   332
Dodge: Dodged            |    16 |     6 |    29 |   143 |   402 |   402 |    66 ||  1064
